 Dungeon Crawl Stone Soup version 0.20.1-1-g8b1a95d (webtiles) character file.

109 gobwax the Ruffian (level 4, 0/38 HPs)
             Began as a Naga Transmuter on Sept 9, 2017.
             Killed by divine providence
             ... invoked by an orc priest
              (14 damage)
             ... on level 3 of the Dungeon.
             The game lasted 00:06:21 (3146 turns).

gobwax the Ruffian (Naga Transmuter)                Turns: 3146, Time: 00:06:22

Health: 0/38       AC:  3    Str: 12    XL:     4   Next: 89%
Magic:  4/7        EV: 10    Int: 15    God:
Gold:   102        SH:  0    Dex: 11    Spells: 4/7 levels left

rFire    . . .     SeeInvis +     - Unarmed
rCold    . . .     Gourm    .   (no shield)
rNeg     . . .     Faith    .   b - +0 robe
rPois    +         Spirit   .   (no helmet)
rElec    .         Reflect  .   (no cloak)
rCorr    .         Harm     .   w - +0 pair of gloves
MR       .....                  (no barding)
Stlth    +.........             (no amulet)
Regen    0.2/turn               (no ring)
MPRegen  0.1/turn               (no ring)

@: very slow
A: see invisible, deformed body, poison resistance, slowness 2, slow metabolism
1, spit poison 1, AC +1
a: Spit Poison


You were on level 3 of the Dungeon.
You were not hungry.

You visited 1 branch of the dungeon, and saw 3 of its levels.

You collected 102 gold pieces.

Inventory:

Missiles
 a - 87 arrows
 o - 3 silver javelins (quivered)
Armour
 b - a +0 robe (worn)
 w - a +0 pair of gloves (worn)
Magical Staves
 v - an uncursed staff of death
Wands
 r - a wand of lightning (11/15)
Scrolls
 e - 3 scrolls of teleportation
 f - 2 scrolls of recharging
 g - 2 scrolls of magic mapping {unknown}
 j - 3 scrolls of remove curse
 m - a scroll of fog {unknown}
 n - a scroll of random uselessness {unknown}
Potions
 i - a potion of degeneration {unknown}
 k - 2 potions of magic {unknown}
 q - a potion of ambrosia
 s - a potion of lignification {unknown}
 t - a potion of might {unknown}
 x - a potion of curing {unknown}
 z - a potion of brilliance {unknown}
Books
 c - a book of Changes

   Spells                             Type                      Level
   a - Beastly Appendage              Transmutation                1
   b - Sticks to Snakes               Transmutation                2
   c - Spider Form                    Transmutation/Poison         3
   d - Ice Form                       Ice/Transmutation            4
   e - Blade Hands                    Transmutation                5
Comestibles
 d - 3 bread rations
 h - a meat ration
 l - a royal jelly
 p - 2 fruits


   Skills:
 + Level 1.4 Fighting
 + Level 2.1 Dodging
 + Level 0.4 Stealth
 * Level 3.8 Unarmed Combat
 + Level 2.3 Spellcasting
 * Level 3.3 Transmutations


You had 4 spell levels left.
You knew the following spells:

 Your Spells              Type           Power        Failure   Level  Hunger
a - Beastly Appendage     Tmut           ##....       5%          1    #......
b - Sticks to Snakes      Tmut           ##......     9%          2    ###....


Dungeon Overview and Level Annotations

Branches:
Dungeon (3/15)

Altars:
Trog
The Shining One


Innate Abilities, Weirdness & Mutations

You cannot wear boots.
Your serpentine skin is tough. (AC +1)
You have supernaturally acute eyesight. (SInv)
Armour fits poorly on your strangely shaped body.
Your system is resistant to poisons. (rPois)
You cover ground very slowly.
You have a slow metabolism.
You can spit poison.


Message History

The orc priest mumbles some strange prayers to Beogh against you.
Beogh smites you! As you open the door, it creaks loudly! The orc hits you.
The orc barely misses you. The orc hits you. The orc barely misses you.
There is an open door here.
The bat hits you but does no damage.
Casting: Sticks to Snakes
Confirm with . or Enter, or press ? or * to list all spells.
You create a snake!
You now have 87 arrows.
The bat hits you but does no damage. x2
The bat completely misses you. The bat hits you but does no damage.
You swap places.
The bat barely misses your adder.
Your adder bites the bat. x2
The bat hits your adder but does no damage.
The bat hits your adder.
Your adder barely misses the bat. x2
The bat hits your adder but does no damage.
Your adder barely misses the bat.
The orc priest invokes the aid of Beogh against you.
Beogh smites you!
You die...

##........#
#....o...#
#####รท..ogo..#
#......##o####
#......##b#
#:.....##S#
#.......#.#
#.......#.#
#######.#@#
##########...#
#.........#..#
#.........#..#
#...........>#
#.........####
###.......#
#.).....#
###.....#


You could see an orc priest, 3 orcs, a hobgoblin, a bat and a friendly adder.

Vanquished Creatures
  4 adders
  An ooze (D:1)
  3 worms (D:2)
  An orc (D:3)
  A ball python (D:3)
  4 giant cockroaches
  10 goblins
  9 hobgoblins
  A quokka (D:2)
  10 bats
  5 frilled lizards
  3 kobolds
  3 rats (D:1)
55 creatures vanquished.

Notes
Turn   | Place    | Note
-------+----------+-------------------------------------------
     0 | D:1      | gobwax the Naga Transmuter began the quest for the Orb.
     0 | D:1      | Reached XP level 1. HP: 18/18 MP: 3/3
   389 | D:1      | Reached XP level 2. HP: 15/25 MP: 3/5
  1297 | D:1      | Reached XP level 3. HP: 26/31 MP: 6/6
  1724 | D:2      | Reached XP level 4. HP: 14/38 MP: 5/7
  1993 | D:2      | Found a bloodstained altar of Trog.
  2607 | D:2      | Learned a level 2 spell: Sticks to Snakes
  2899 | D:3      | Found a glowing golden altar of the Shining One.
  3146 | D:3      | Killed from afar by an orc priest

Skill      XL: |  1  2  3  4 |
---------------+-------------+-----
Transmutations | 3 |  3.3
Dodging        | 2 |  2.1
Fighting       | |  1.4
Stealth        | |  0.4
Unarmed Combat | |  3.8
Spellcasting   | |  2.3

Action                   |  1- 3 |  4- 6 || total
-------------------------+-------+-------++-------
Melee: Unarmed           |   108 |    46 ||   154
       Headbutt          |     6 |    10 ||    16
       Punch             |     2 |     1 ||     3
       Staff             |       |     6 ||     6
Throw: Javelin           |     3 |    13 ||    16
 Cast: Beastly Appendage |    21 |    17 ||    38
       Sticks to Snakes  |       |     3 ||     3
 Abil: Spit Poison       |     8 |     7 ||    15
  Use: Scroll            |       |     5 ||     5
  Eat: Chunk             |     2 |     5 ||     7
Armor: Robe              |    38 |    28 ||    66
Dodge: Dodged            |    69 |    53 ||   122
